Map: 엔디온 잔해

Players

llllllllllll (Scarlett) - Winner!

  • Race: Zerg Zerg
  • League: Grandmaster

Emotion

  • Race: Protoss Protoss
  • League: Master

VOD

Have the link to the VOD?

Description

Time

  • Played on: April 10, 2016, 10:53 a.m.
  • Length: 15:36
Show
View Real Time Build Order
Export as new Build Order

llllllllllll Zerg - Winner!

Build Orders: Pool First, Lurkers 

Get SALT Encoding   

  12  0:00  Drone  
  13  0:10  Drone  
  14  0:18  Overlord  
  14  0:24  Drone, Extractor  
  15  0:36  Drone  
  15  0:37  Drone  
  17  0:44  Spawning Pool  
  16  0:51  Drone  
  16  0:54  Drone  
  18  1:11  Hatchery  
  18  1:16  Extractor  
  18  1:17  Drone  
  17  1:19  Drone  
  18  1:30  Queen  
  18  1:32  Zergling x2  
  21  1:38  Drone  
  22  1:56  Hatchery  
  21  2:02  Drone  
  21  2:08  Overlord  
  22  2:22  Queen  
  22  2:23  Metabolic Boost  
  22  2:25  Drone  
  22  2:28  Drone  
  26  2:35  Drone x2  
  28  2:39  Drone  
  28  2:40  Drone  
  28  2:43  Drone  
  31  2:46  Drone  
  31  2:50  Overlord  
  32  2:59  Queen  
  32  3:01  Drone  
  32  3:03  Drone  
  36  3:08  Drone x2  
  36  3:09  Drone  
  36  3:11  Zergling x2  
  41  3:12  Zergling x2  
  41  3:14  Zergling x2  
  41  3:16  Zergling x2  
  43  3:20  Drone x2  
  45  3:28  Overlord  
  45  3:29  Drone x2  
  45  3:31  Drone x2  
  49  3:42  Overlord  
  49  3:44  Drone  
  49  3:46  Overlord  
  50  3:55  Overlord  
  50  3:56  Overlord  
  50  4:01  Drone  
  50  4:02  Drone x5  
  55  4:05  Queen  
  57  4:10  Drone x4  
  57  4:14  Spore Crawler  
  60  4:25  Spore Crawler  
  60  4:27  Extractor  
  60  4:28  Drone x6  
  64  4:33  Drone x2  
  64  4:34  Lair  
  66  4:39  Evolution Chamber, Drone, Extractor  
  66  4:40  Drone x5  
  66  4:43  Spore Crawler  
  65  4:55  Overlord  
  65  4:56  Drone x6  
  65  4:58  Queen  
  73  5:04  Drone, Spore Crawler  
  73  5:08  Drone  
  73  5:09  Drone x4  
  73  5:12  Zerg Missile Weapons Level 1  
  73  5:13  Extractor  
  77  5:22  Drone x3  
  77  5:26  Drone x5  
  85  5:28  Extractor  
  85  5:29  Extractor  
  83  5:36  Queen  
  83  5:39  Drone  
  83  5:40  Hydralisk Den  
  83  5:42  Drone x4  
  89  5:43  Drone  
  87  5:55  Drone x3  
  88  6:07  Baneling Nest, Overlord x5  
  88  6:10  Spore Crawler  
  86  6:16  Drone x5  
  88  6:21  Muscular Augments, Overlord  
  88  6:25  Hydralisk  
  88  6:26  Hydralisk x3  
  88  6:29  Hydralisk x2  
  100  6:35  Hydralisk x4  
  108  6:41  Hydralisk  
  110  6:48  Hydralisk x7  
  110  6:49  Centrifical Hooks  
  123  6:58  Drone x4  
  126  7:03  Hydralisk  
  126  7:04  Hydralisk x2  
  132  7:20  Hydralisk x3  
  138  7:23  Overlord  
  138  7:24  Overlord x3  
  138  7:26  Zerg Melee Weapons Level 1, Overlord x2  
  138  7:31  Overlord  
  138  7:32  Overlord  
  138  7:47  Zergling x6  
  138  7:48  Zergling x14  
  138  7:50  Hatchery  
  145  7:59  Zergling x10  
  145  8:00  Zergling x2  
  145  8:02  Baneling  
  145  8:03  Baneling x5  
  149  8:11  Zergling x2  
  149  8:12  Zergling x10  
  155  8:13  Baneling x9  
  155  8:14  Baneling x11  
  155  8:23  Zergling x2  
  155  8:24  Zergling x4  
  144  8:44  Hydralisk x8  
  144  8:45  Hydralisk x2  
  126  9:06  Infestation Pit  
  126  9:08  Drone  
  126  9:09  Drone x12  
  138  9:15  Evolution Chamber  
  138  9:16  Extractor  
  136  9:19  Lurker Den  
  136  9:21  Extractor  
  136  9:22  Hydralisk  
  136  9:23  Hydralisk x5  
  147  9:24  Hydralisk  
  147  9:25  Hydralisk x2  
  153  9:36  Spine Crawler  
  153  9:38  Spine Crawler, Zergling x18  
  159  9:39  Hatchery  
  159  9:43  Zerg Melee Weapons Level 2, Zerg Missile Weapons Level 2  
  159  9:46  Hive  
  159  9:50  Spire  
  158  10:04  Zergling x26  
  171  10:12  Overseer  
  171  10:46  Lurker x11  
  171  10:47  Lurker  
  176  10:51  Zergling x14  
  176  10:52  Zergling x34  
  197  11:02  Greater Spire  
  197  11:03  Adrenal Glands  
  196  11:06  Zergling x4  
  196  11:07  Zergling x2  
  199  11:25  Spine Crawler  
  199  11:26  Spine Crawler  
  199  11:27  Spine Crawler  
  199  11:31  Zergling x18  
  198  11:34  Pneumatized Carapace  
  198  11:35  Overseer x2  
  193  11:44  Spine Crawler  
  193  11:46  Spine Crawler  
  191  11:53  Corruptor x4, Spine Crawler x2  
  191  11:54  Corruptor  
  191  11:58  Extractor  
  191  11:59  Extractor  
  197  12:07  Corruptor x3  
  197  12:09  Zerg Melee Weapons Level 3  
  197  12:12  Zergling x4  
  198  12:19  Zerg Flyer Weapons Level 1  
  194  12:33  Brood Lord x3  
  200  12:42  Overseer  
  200  12:51  Spine Crawler  
  199  12:53  Spine Crawler x2  
  199  12:55  Spine Crawler  
  199  12:56  Spine Crawler  
  199  12:57  Spine Crawler  
  194  13:00  Brood Lord x4  
  195  13:29  Brood Lord  
  195  13:43  Corruptor  
  195  13:44  Corruptor x2  
  197  13:48  Zergling x6  
  191  14:18  Zergling x6  
  191  14:19  Zergling x10  
  187  14:52  Zergling x28  
  157  15:12  Zergling x4  
  143  15:14  Zergling x14  
  143  15:15  Zergling x2  
Show
View Real Time Build Order
Export as new Build Order

Emotion Protoss 

Build Orders: 1 Gate Expand, Phoenix Opening 

Get SALT Encoding   

  12  0:01  Probe (Chrono Boost)  
  13  0:11  Probe (Chrono Boost)  
  14  0:19  Pylon  
  14  0:22  Probe (Chrono Boost)  
  15  0:37  Probe (Chrono Boost)  
  15  0:41  Gateway  
  16  0:47  Probe (Chrono Boost)  
  17  0:52  Assimilator  
  17  0:58  Probe (Chrono Boost)  
  18  1:09  Probe (Chrono Boost)  
  19  1:21  Nexus  
  19  1:30  Cybernetics Core  
  19  1:33  Probe (Chrono Boost)  
  20  1:44  Probe (Chrono Boost)  
  21  1:47  Pylon  
  21  1:53  Assimilator  
  21  1:54  Probe (Chrono Boost)  
  22  2:05  Probe (Chrono Boost)  
  22  2:06  Adept (Chrono Boost)  
  25  2:16  Probe (Chrono Boost)  
  25  2:28  Probe (Chrono Boost)  
  25  2:29  Stargate  
  26  2:34  Probe (Chrono Boost)  
  26  2:35  Adept  
  29  2:39  Probe (Chrono Boost)  
  29  2:43  Warp Gate  
  30  2:44  Probe (Chrono Boost)  
  30  2:50  Probe (Chrono Boost)  
  32  2:55  Probe (Chrono Boost)  
  33  3:00  Probe (Chrono Boost)  
  33  3:05  Probe (Chrono Boost)  
  35  3:09  Probe (Chrono Boost)  
  35  3:10  Pylon  
  35  3:12  Phoenix (Chrono Boost)  
  38  3:16  Probe  
  38  3:18  Adept  
  38  3:19  Probe  
  42  3:28  Probe  
  42  3:30  Probe  
  44  3:35  Phoenix (Chrono Boost)  
  44  3:40  Probe  
  46  3:45  Mothership Core  
  46  3:47  Nexus  
  49  3:51  Pylon  
  49  3:52  Probe  
  49  3:55  Assimilator x2  
  49  3:57  Pylon  
  35  4:02  Phoenix (Chrono Boost)  
  51  4:03  Probe  
  51  4:06  Probe  
  51  4:08  Pylon  
  53  4:14  Probe  
  54  4:18  Probe  
  57  4:24  Phoenix (Chrono Boost)  
  57  4:29  Gateway  
  57  4:30  Gateway  
  57  4:32  Probe, Forge  
  57  4:34  Probe  
  59  4:42  Probe  
  60  4:46  Probe  
  60  4:53  Probe  
  60  4:55  Phoenix (Chrono Boost)  
  60  4:58  Probe  
  64  5:01  Adept  
  64  5:04  Probe  
  64  5:05  Pylon  
  67  5:10  Probe  
  68  5:18  Phoenix (Chrono Boost)  
  70  5:21  Nexus  
  70  5:23  Pylon  
  70  5:24  Pylon  
  70  5:27  Probe  
  72  5:28  Probe  
  72  5:32  Protoss Ground Weapons Level 1 (Chrono Boost)  
  72  5:46  Robotics Facility, Probe x2  
  72  5:47  Robotics Facility  
  74  5:58  Probe x2 (Chrono Boost)  
  74  6:00  Sentry x3  
  74  6:01  Pylon  
  82  6:08  Probe  
  82  6:09  Twilight Council  
  82  6:10  Probe  
  84  6:18  Probe  
  84  6:19  Pylon  
  84  6:22  Probe  
  86  6:28  Gateway  
  86  6:29  Immortal (Chrono Boost)  
  86  6:30  Gateway  
  86  6:31  Observer (Chrono Boost), Gateway  
  86  6:37  Probe x3  
  94  6:40  Sentry  
  94  6:41  Sentry  
  94  6:42  Adept  
  100  6:49  Probe x2  
  100  6:50  Probe  
  103  6:59  Assimilator  
  103  7:01  Probe x2  
  103  7:02  Probe, Assimilator  
  103  7:04  Immortal, Pylon  
  103  7:05  Charge (Chrono Boost)  
  110  7:17  Templar Archives  
  110  7:19  Protoss Ground Weapons Level 2 (Chrono Boost)  
  110  7:27  Pylon  
  110  7:28  Immortal, Gateway  
  110  7:29  Gateway  
  110  7:30  Gateway  
  114  7:41  Immortal  
  114  7:52  Psionic Storm  
  114  7:54  Zealot x3  
  114  7:55  Zealot x3  
  126  8:14  Warp Prism, Pylon  
  126  8:15  Pylon  
  126  8:16  High Templar x2  
  126  8:18  High Templar  
  126  8:19  Pylon  
  134  8:20  Zealot x3  
  140  8:27  Photon Cannon  
  140  8:28  Photon Cannon  
  136  8:34  Immortal  
  136  8:36  Zealot x2  
  136  8:47  Zealot x3  
  140  8:53  Zealot x2  
  140  8:54  Zealot  
  132  8:58  Zealot x2  
  132  9:00  Immortal  
  124  9:20  Probe x3  
  124  9:24  High Templar x4  
  133  9:27  High Templar  
  133  9:28  Zealot, High Templar  
  141  9:32  Archon  
  141  9:35  Pylon, Photon Cannon  
  141  9:36  Pylon  
  141  9:37  Pylon  
  141  9:38  Pylon  
  141  9:50  Protoss Ground Weapons Level 3 (Chrono Boost)  
  141  9:54  High Templar  
  141  9:55  High Templar  
  141  9:56  Pylon  
  144  10:08  Observer  
  144  10:10  Immortal (Chrono Boost)  
  144  10:11  Nexus  
  144  10:13  Pylon  
  149  10:26  Zealot x4  
  149  10:27  Zealot x5  
  167  10:32  Zealot x4  
  167  10:33  Zealot x3  
  167  10:34  High Templar x2  
  165  10:41  Photon Cannon  
  165  10:43  Immortal (Chrono Boost)  
  165  10:44  Photon Cannon  
  165  10:46  Assimilator  
  165  10:49  Immortal (Chrono Boost)  
  173  10:50  Photon Cannon  
  173  10:51  Assimilator  
  173  11:06  Zealot, High Templar x2  
  173  11:07  Zealot x5  
  189  11:11  Archon  
  189  11:20  Oracle (Chrono Boost)  
  189  11:21  Fleet Beacon  
  178  11:40  Immortal x2 (Chrono Boost)  
  186  11:47  Photon Cannon  
  186  11:49  Photon Cannon, Dark Shrine  
  186  11:51  Oracle  
  177  12:15  Warp Prism (Chrono Boost)  
  173  12:20  High Templar x4  
  173  12:21  Zealot x5  
  191  12:25  Tempest, Archon x2  
  191  12:27  Stargate  
  195  12:44  Zealot x2  
  199  12:56  Blink (Chrono Boost)  
  196  13:00  Nexus  
  196  13:01  Pylon  
  196  13:05  Tempest (Chrono Boost)  
  193  13:30  Tempest (Chrono Boost)  
  190  13:47  Tempest (Chrono Boost)  
  186  13:49  Zealot x4  
  186  13:51  Zealot x5  
  186  14:15  Pylon  
  186  14:16  Pylon  
  177  14:17  Pylon  
  173  14:26  Tempest (Chrono Boost)  
  158  14:45  High Templar x5  
  146  14:46  High Templar  
  146  14:48  Tempest (Chrono Boost)  
  146  14:49  Archon x2, Immortal x2  
  146  14:50  Archon  
Tags
 
Add a new tag
Caveats
  • Supply blocks, unpowered buildings, or Contaminate may cause inaccurate times.
  • Supply counts are checked every 10 seconds.